 Dungeon Crawl Stone Soup version 0.30-a0-1082-g70414cbcbb (webtiles) character file.

Game seed: 18004167776707079591

32 jimonade the Grasshopper (level 3, -1/33 HPs)
             Began as a Naga Warper on Apr 16, 2023.
             Slain by a hobgoblin (3 damage)
             ... on level 1 of the Dungeon.
             The game lasted 00:02:02 (685 turns).

jimonade the Grasshopper (Naga Warper)               Turns: 685, Time: 00:02:03

Health: -1/33      AC:  2    Str: 13    XL:     3   Next: 27%
Magic:  6/6        EV:  9    Int: 13    God:
Gold:   36         SH:  0    Dex: 12    Spells: 6/6 levels left

rFire   . . .      SeeInvis +    a - +0 falchion
rCold   . . .      Faith    .    (no shield)
rNeg    . . .      Spirit   .    b - +0 leather armour
rPois   +          Reflect  .    (no helmet)
rElec   .          Rampage  .    (no cloak)
rCorr   .                        (no gloves)
Will    .....                    (no barding)
Stlth   +                        (no amulet)
HPRegen 0.25/turn                (no ring)
MPRegen 0.10/turn                (no ring)

@: very slow
A: AC +1, large, see invisible, deformed body, poison resistance, slowness 2,
spit poison 1, naga tail 1
a: Spit Poison


You were on level 1 of the Dungeon.
You visited 1 branch of the dungeon, and saw 1 of its levels.

You collected 36 gold pieces.

Inventory:

Hand Weapons
 a - a +0 falchion (weapon)
Missiles
 d - 7 boomerangs of dispersal
Armour
 b - a +0 leather armour (worn)
Scrolls
 c - a scroll of blinking
 e - a scroll of identify {unknown}
 f - a scroll of teleportation {unknown}
Potions
 g - a potion of cancellation {unknown}
 h - a potion of brilliance {unknown}


   Skills:
 + Level 2.4 Fighting
 + Level 2.1 Long Blades
 + Level 0.8 Throwing
 + Level 1.0 Armour
 + Level 1.6 Dodging
 + Level 2.2 Spellcasting
 * Level 3.5 Translocations


You had 6 spell levels left.
You didn't know any spells.
Your spell library contained the following spells:

 Spells                   Type           Power      Damage    Failure   Level
 Blink                    Tloc           20%        N/A       11%         2
 Lesser Beckoning         Tloc           20%        N/A       11%         2
 Teleport Other           Tloc           10%        N/A       22%         3
 Vhi's Electric Charge    Tloc/Air       12%        N/A       43%         3
 Manifold Assault         Tloc           10%        N/A       58%         4


Dungeon Overview and Level Annotations

Branches:
Dungeon (1/15)

Altars:

Shops:
D:1 ?*


Innate Abilities, Weirdness & Mutations

Your serpentine skin is tough. (AC +1)
You have supernaturally acute eyesight. (SInv)
Armour fits poorly on your strangely shaped body.
Your system is resistant to poisons. (rPois)
You cover ground very slowly.
You can spit poison.
You have a snake-like lower body.


Message History

The kobold hits you with a +0 dagger.
You closely miss the kobold. The bat hits you.
The ball python closely misses you. The kobold hits you with a +0 dagger.
You hit the bat.
You kill the bat!
The ball python bites you. The kobold hits you with a +0 dagger.
You are too injured to fight recklessly!
You are too injured to fight recklessly!
You are too injured to fight recklessly!
You hit the kobold.
You kill the kobold!
The ball python bites you. x2
* * * LOW HITPOINT WARNING * * *
Your Armour skill increases to level 1!
You barely miss the hobgoblin. The ball python bites you.
* * * LOW HITPOINT WARNING * * *
You hit the hobgoblin.
The hobgoblin is moderately wounded.
The ball python bites you but does no damage.
The hobgoblin hits you.
* * * LOW HITPOINT WARNING * * *
The hobgoblin hits you.
* * * LOW HITPOINT WARNING * * *
The ball python completely misses you. The hobgoblin hits you.
* * * LOW HITPOINT WARNING * * *
The hobgoblin hits you but does no damage.
You hit the hobgoblin.
The hobgoblin is severely wounded.
The ball python bites you.
* * * LOW HITPOINT WARNING * * *
The hobgoblin closely misses you. The hobgoblin barely misses you.
You closely miss the hobgoblin.
The hobgoblin is severely wounded.
The ball python closely misses you. The hobgoblin barely misses you.
The hobgoblin closely misses you.
You hit the hobgoblin.
The hobgoblin is almost dead.
The ball python bites you but does no damage.
The hobgoblin hits you.
You die...

#########
####.......#
#......#...#
#..##..###..#
######
#...#...#
...?..
##..###..##
......# #..##
##..# ..g....
#@g.# #..^#
.......##gS##
##..##
......g..r##
##..##
.........##
##..##
..........#
#....#
.!.......##
##...#####
........##
##.......
...).#.##
##......
########
####)..


You could see 2 hobgoblins, a ball python and a rat.

Vanquished Creatures
  A dart slug (D:1)
  5 endoplasms (D:1)
  3 giant cockroaches (D:1)
  3 goblins (D:1)
  2 hobgoblins (D:1)
  3 ball pythons (D:1)
  4 bats (D:1)
  2 frilled lizards (D:1)
  2 kobolds (D:1)
  3 rats (D:1)
28 creatures vanquished.

Notes
Turn   | Place    | Note
-------+----------+-------------------------------------------
     0 | D:1      | jimonade the Naga Warper began the quest for the Orb.
     0 | D:1      | Reached XP level 1. HP: 19/19 MP: 3/3
   109 | D:1      | Reached XP level 2. HP: 17/26 MP: 5/5
   300 | D:1      | Found Fiona's General Store.
   322 | D:1      | Reached XP level 3. HP: 30/33 MP: 6/6
   364 | D:1      | Found Zaizixt's Magic Scroll Boutique.
   681 | D:1      | Reached skill level 1 in Armour
   683 | D:1      | HP: 1/33 [ball python (2)]
   685 | D:1      | Slain by a hobgoblin

Illustrated notes

Levels and vault maps discovered:
D:1:      minmay_arrival_stair_chambers, layout_rooms, serial_shops,
          nicolae_shop_trees, shop, nicolae_figureground_pulse

Skill      XL: |  1  2  3 |
---------------+----------+-----
Armour         | 1 |  1.0
Fighting       | |  2.4
Long Blades    | |  2.1
Throwing       | |  0.8
Dodging        | |  1.6
Spellcasting   | |  2.2
Translocations | |  3.5

Action                     || total
---------------------------++-------
  Melee: Falchion          ||    94
         Punch             ||     1
Ability: Spit Poison       ||     6
 Armour: Leather armour    ||    47
  Dodge: Dodged            ||    74

Table legend: (Time is in decaauts)
 A = Elapsed time spent in this place.
 B = Non-inter-level travel time spent in this place.
 C = Inter-level travel time spent in this place.
 D = Time resting spent in this place.
 E = Time spent auto-exploring this place.
 F = Levels seen in this place.
 G = Mean time per level.
                   A        B        C        D        E       F      G
               +--------+--------+--------+--------+--------+-----+--------+
         Total |    856 |    849 |      7 |      0 |    616 |   1 |  856.0 |
       Dungeon |    856 |    849 |      7 |      0 |    616 |   1 |  856.0 |
               +--------+--------+--------+--------+--------+-----+--------+

Top non-repeatable levels by time:
     D:1: 856 daAuts
